AoeStats
← Mizuky v

Baltic

510610896Analyzed
4v4 RM · 2d ago on Oct 1, 2026· 46m 32s· 8 players
Game mode
Random Map
Map size
Large (8 player)
Population
200
Speed
Normal
Resources
Standard
Victory
Conquest
Starting age
Dark Age
Ending age
Imperial Age
RankedLock teamsTeams togetherTeam positionsShared explorationLock speedFull tech treeHidden civsTurbo modeCheats
Victory
Defeat
🇫🇷 Varangians · France
1173
+11
🇫🇷 Huns · France
1012
+17
🇫🇷 Saxons · France
1000
+55
🇵🇰 Mongols · Pakistan
998
+18
🇮🇹 Vikings · Italy
1126
-19
🇮🇹 Italians · Italy
1115
-19
🇮🇹 Persians · Italy
1033
-16
🇮🇹 Franks · Italy
906
-10
Mizuky v
12:30 Feudal Age
17:51 Castle Age
16:33 Stone Mining
16:58 Horse Collar
17:17 Double-Bit Axe
25:00 Marauders
26:32 Wheelbarrow
25:44 Loom
26:36 Forging
28:29 Hand Cart
31:28 Imperial Age
32:00 Iron Casting
31:31 Scale Barding Armor
31:17 Fletching
31:40 Heavy Plow
31:55 Bow Saw
32:16 Bloodlines
32:07 Husbandry
31:49 Elite Tarkan
32:51 Conscription
33:59 Blast Furnace
34:21 Chain Barding Armor
41:08 Plate Barding Armor
39:56 Light Cavalry
ZyTeK 231305
8:16 Loom
12:20 Feudal Age
12:49 Double-Bit Axe
14:19 Wheelbarrow
17:19 Castle Age
16:07 Fishing Lines
17:49 Fletching
18:25 Bodkin Arrow
20:11 Bow Saw
23:05 Town Watch
23:43 Scale Barding Armor
23:42 Scale Mail Armor
23:53 Forging
24:47 Horse Collar
26:24 Gold Mining
26:25 Stone Mining
26:54 Chain Mail Armor
27:15 Iron Casting
27:58 Squires
27:44 Gambesons
27:44 Arson
27:20 Pikeman
28:22 Heavy Plow
28:32 Gillnets
34:40 Imperial Age
34:56 Hand Cart
36:00 Plate Mail Armor
36:51 Padded Archer Armor
36:51 Bracer
36:57 Scale Barding Armor
37:08 Elite Varangian Guard
38:06 Leather Archer Armor
37:47 Shield Wall
38:50 Conscription
41:11 Chemistry
40:31 Ballistics
43:26 Crop Rotation
44:06 Town Patrol
43:35 Pikeman
45:02 Halberdier
47:13 Careening
YellowHaze
4:37 Loom
11:23 Feudal Age
16:29 Castle Age
15:13 Horse Collar
17:26 Double-Bit Axe
18:44 Husbandry
20:46 Bloodlines
21:18 Gold Mining
21:30 Fletching
24:21 Ballistics
25:39 Wheelbarrow
25:45 Bodkin Arrow
26:49 Padded Archer Armor
29:12 Bow Saw
28:54 Stone Mining
29:07 Heavy Plow
29:28 Leather Archer Armor
31:14 Hand Cart
31:40 Stone Shaft Mining
31:17 Town Watch
31:48 Fishing Lines
36:36 Imperial Age
34:46 Clinker Construction
34:37 Light Cavalry
35:29 Forging
37:18 Iron Casting
36:58 Thumb Ring
37:42 Conscription
37:49 Bracer
38:18 Hussar
39:20 Elite Mangudai
41:36 Chemistry
41:38 Parthian Tactics
45:02 Blast Furnace
45:44 Scale Barding Armor
45:59 Masonry
ZyTeK 23
9:23 Loom
11:24 Feudal Age
15:51 Castle Age
13:45 Double-Bit Axe
14:52 Fletching
15:23 Gold Mining
20:05 Bodkin Arrow
26:32 Wheelbarrow
27:01 Horse Collar
28:19 Fishing Lines
30:42 Ballistics
30:32 Siphons
30:52 Clinker Construction
30:56 Careening
30:45 Heated Shot
32:04 Town Watch
32:38 Hand Cart
32:30 Heavy Plow
34:22 Padded Archer Armor
34:33 Forging
34:28 Scale Barding Armor
37:16 Imperial Age
35:02 Bow Saw
34:49 Stone Mining
35:46 Leather Archer Armor
38:11 Iron Casting
37:37 Scale Mail Armor
38:06 Bracer
38:36 Ring Archer Armor
38:02 Arson
38:18 Squires
38:03 Gambesons
38:46 Conscription
37:53 Gothikon
40:06 Siphons
40:14 Fortified Wall
41:05 Chemistry
40:11 Siege Engineers
40:33 Elite Varangian Guard
42:16 Blast Furnace
41:32 Chain Mail Armor
42:28 Capped Ram
43:43 Siege Ram
46:15 Plate Mail Armor
Cunctator
4:03 Loom
13:29 Feudal Age
13:56 Double-Bit Axe
13:55 Fishing Lines
19:08 Castle Age
16:56 Town Watch
19:35 Stone Mining
19:35 Gold Mining
20:56 Wheelbarrow
21:49 Fletching
27:14 Horse Collar
28:50 Hand Cart
29:53 Bow Saw
34:03 Imperial Age
32:09 Bodkin Arrow
32:24 Scale Barding Armor
32:19 Scale Mail Armor
32:24 Heavy Plow
33:58 Silk Road
33:51 Caravan
34:12 Masonry
34:08 Squires
33:54 Arson
34:26 Forging
34:44 Husbandry
35:56 Crop Rotation
34:56 Capped Ram
36:43 Chemistry
36:14 Architecture
36:49 Two-Man Saw
36:23 Chain Mail Armor
37:04 Ballistics
37:09 Chain Barding Armor
37:26 Iron Casting
37:36 Bloodlines
36:47 Light Cavalry
38:05 Hussar
38:55 Cavalier
42:40 Man-at-Arms
44:12 Plate Barding Armor
44:11 Plate Mail Armor
Conquistatoooore
0:27 Loom
11:13 Feudal Age
17:28 Castle Age
19:12 Fervor
23:05 Horse Collar
23:55 Double-Bit Axe
24:10 Gold Mining
28:11 Gold Shaft Mining
27:39 Heavy Plow
28:56 Stone Mining
29:22 Bow Saw
29:56 Wheelbarrow
30:57 Stone Shaft Mining
31:52 Scale Barding Armor
31:58 Forging
37:39 Imperial Age
36:42 Chain Barding Armor
36:59 Iron Casting
40:13 Husbandry
40:25 Bloodlines
41:23 Plate Barding Armor
42:45 Hand Cart
44:46 Murder Holes
lorenzo021
9:45 Loom
12:26 Feudal Age
14:17 Double-Bit Axe
16:54 Castle Age
14:44 Horse Collar
15:56 Gold Mining
16:19 Fishing Lines
17:51 Medium Warships
19:00 Bow Saw
20:09 Fletching
20:21 Padded Archer Armor
25:09 Elite Skirmisher
26:11 Leather Archer Armor
26:54 Crossbowman
28:13 Bodkin Arrow
30:19 Heavy Plow
31:46 Stone Mining
35:27 Imperial Age
34:09 Ballistics
33:40 Town Watch
36:50 Conscription
36:01 Arbalester
36:43 Elite Varangian Guard
38:41 Scale Mail Armor
39:12 Forging
40:50 Iron Casting
41:26 Chain Mail Armor
41:34 Chieftains
41:56 Squires
42:45 Caravan
Fil
0:29 Loom
11:32 Feudal Age
12:14 Double-Bit Axe
19:38 Castle Age
18:57 Scale Barding Armor
21:40 Husbandry
23:09 Gold Mining
25:32 Wheelbarrow
27:20 Chain Barding Armor
27:13 Forging
27:22 Stone Mining
29:42 Bow Saw
33:15 Imperial Age
33:50 Hand Cart
34:24 Gold Shaft Mining
33:23 Cavalier
34:42 Plate Barding Armor
34:18 Forging
37:56 Iron Casting
41:42 Blast Furnace
44:00 Paladin
Connection lost

Rejoining the realm…

Still unreachable

The connection could not be restored.

Session expired

The server has moved on; the page needs a fresh start.